 Dungeon Crawl Stone Soup version 0.31-a0-981-geadf994542 (webtiles) character file.

Game seed: 15344053666234904669

4646 Arex the Cleaver (level 10, -3/121 HPs)
             Began as a Hill Orc Fighter on Nov 1, 2023.
             Was a Believer of Hepliaklqana.
             Killed by divine providence
             ... invoked by a meliai
              (9 damage)
             ... on level 8 of the Dungeon.
             The game lasted 00:13:42 (8161 turns).

Arex the Cleaver (Hill Orc Fighter)                 Turns: 8161, Time: 00:13:43

Health: -3/121     AC: 12    Str: 24    XL:     10   Next: 43%
Magic:  21/21      EV:  8    Int:  8    God:    Hepliaklqana [**....]
Gold:   238        SH: 10    Dex: 10    Spells: 9/9 levels left

rFire   . . .        a - +0 war axe
rCold   . . .        D - +0 kite shield
rNeg    . . .        u - +0 chain mail
rPois   .            (no helmet)
rElec   .            (no cloak)
rCorr   +            t - +0 pair of gloves
SInv    .            (no boots)
Will    .....        y - amulet of regeneration Stlth
                     g - ring of magical power
HPRegen 1.20/turn    s - ring of resist corrosion
MPRegen 0.17/turn

%: no passive effects
@: berserking, very quick
A: reduced essence
a: Renounce Religion, Recall Ancestor, Ancestor Identity


You were on level 8 of the Dungeon.
You worshipped Hepliaklqana.
Hepliaklqana was pleased with you.
You visited 2 branches of the dungeon, and saw 9 of its levels.
You also visited: Bailey.

You collected 334 gold pieces.
You spent 96 gold pieces at shops.

Inventory:

Hand Weapons
 a - a +0 war axe (weapon)
 E - a +2 spear of venom
 H - a +1 heavy hand axe
Missiles
 G - 7 boomerangs (quivered)
Armour
 t - a +0 pair of gloves (worn)
 u - a +0 chain mail (worn)
 D - a +0 kite shield (worn)
Jewellery
 g - a ring of magical power (left hand)
 s - a ring of resist corrosion (right hand)
 y - an amulet of regeneration (around neck)
 F - a ring of ice
Wands
 A - a wand of flame (1)
Scrolls
 f - a scroll of identify
 l - 2 scrolls of amnesia
 m - a scroll of butterflies
 n - 4 scrolls of teleportation
 p - 2 scrolls of vulnerability
 x - a scroll of enchant weapon {unknown}
 z - a scroll of fog {unknown}
 B - a scroll of enchant armour {unknown}
 C - a scroll of fear {unknown}
Potions
 b - a potion of haste {unknown}
 c - a potion of invisibility {unknown}
 d - a potion of might
 h - a potion of mutation {unknown}
 i - a potion of magic {unknown}
 j - 2 potions of attraction
 k - 2 potions of curing
 o - a potion of cancellation {unknown}
 q - 2 potions of resistance
 r - a potion of lignification {unknown}
 v - 4 potions of heal wounds
 w - a potion of degeneration {unknown}


   Skills:
 + Level 9.5 Fighting
 + Level 10.0 Axes
 + Level 8.7 Armour
 + Level 8.8 Shields
 + Level 3.3 Invocations


You had 9 spell levels left.
You didn't know any spells.
Your spell library contained the following spells:

 Spells                   Type           Power      Damage    Failure   Level
 Slow                     Hex            0%         N/A       98%         1
 Ensorcelled Hibernation  Hex/Ice        0%         N/A       99%         2
 Passwall                 Tmut/Erth      0%         N/A       99%         2
 Confusing Touch          Hex            0%         N/A       100%        3
 Sigil of Binding         Hex            0%         N/A       100%        3
 Swiftness                Air            0%         N/A       100%        3
 Vampiric Draining        Necr           0%         2d6       100%        3
 Vhi's Electric Charge    Tloc/Air       0%         N/A       100%        4
 Arcjolt                  Conj/Air       0%         1d10      100%        5
 Plasma Beam              Fire/Air       0%         2x1d10    100%        6


Dungeon Overview and Level Annotations

Branches:
Dungeon (8/15)             Temple (1/1) D:6          Bailey (visited)
   Lair: D:8-11

Altars:
Ashenzari
Cheibriados
Dithmenos
Elyvilon
Fedhas
Gozag
Hepliaklqana
Nemelex Xobeh
Okawaru
Qazlal
Ru
Sif Muna
Trog
Uskayaw
Vehumet
Wu Jian
Xom
Yredelemnul
Zin
The Shining One

Shops:
D:5 [!!(=


Message History

You hit the meliai.
The meliai is almost dead.
You block the meliai's attack. x2; The meliai barely misses you.
The meliai stings you but does no damage.
You miss the meliai.
The meliai is almost dead.
You block the meliai's attack. x2; The meliai hits you with a +0 war axe.
The meliai stings you.
You are poisoned.
The meliai poisons you!
You closely miss the meliai.
The meliai is almost dead.
You feel very sick. The meliai hits you with a +0 war axe.
The meliai stings you!
You are more poisoned.
The meliai poisons you! The meliai hits you with a +0 war axe!
You block the meliai's attack.
You feel better. The meliai hits you with a +0 war axe!
* * * LOW HITPOINT WARNING * * *
The meliai stings you but does no damage.
The meliai barely misses you.
The meliai stings you but does no damage.
A red film seems to cover your vision as you go berserk!
You feel yourself moving faster!
You feel mighty! The meliai hits you with a +0 war axe.
* * * LOW HITPOINT WARNING * * *
You block the meliai's attack.
The meliai invokes the aid of its god against you.
Something smites you!
* * * LOW HITPOINT WARNING * * *
You hit the meliai.
The meliai is almost dead.
The meliai closely misses you. The meliai stings you!
* * * LOW HITPOINT WARNING * * *
You block the meliai's attack. The meliai closely misses you.
You barely miss the meliai.
The meliai is almost dead.
The meliai calls down the wrath of its god upon you.
Something smites you!
You die...

#.....# # #.....# #
#.....# # #.....# ##
#.....######.
#............
#............
#############.......
#..@#...#.. #.......
#...y...'.. #.......
#.).#...#.. #.>.....
##'#######'##.......
#...#...#...##.)..##
#...#...#5..##......
#..)#)..#...#####...
##'###'###+######...
#...#...# #..##...


You could see a meliai.

Vanquished Creatures
  An orc knight (Bailey)
  A deep elf pyromancer (D:8)
  A cyclops (D:8)
  A gargoyle (D:8)
  A slime creature (D:8)
  Eustachio (D:6)
  Edmund (D:6)
  Duvessa (D:4)
  2 black bears
  An ice beast (D:6)
  6 orc warriors (Bailey)
  An ogre (D:5)
  2 phantoms
  2 bullfrogs
  5 scorpions
  A gnoll sergeant (D:6)
  2 wights (D:7)
  Dowan (D:4)
  A killer bee (D:8)
  A hound (D:4)
  A jelly (D:7)
  2 gnoll boudas
  An orc priest (D:7)
  3 iguanas
  A sleepcap (D:4)
  An orc wizard (D:7)
  21 gnolls
  7 adders
  A white imp (D:8)
  2 ufetubi (D:7)
  3 dart slugs
  12 orcs
  3 bats
  6 endoplasms
  6 giant cockroaches
  13 goblins
  11 hobgoblins
  4 jackals (D:1)
  3 quokkas
  4 ball pythons
  6 frilled lizards
  7 kobolds
  4 rats
155 creatures vanquished.

Vanquished Creatures (collateral kills)
  2 wights (D:7)
  2 killer bees (D:8)
  An orc wizard (D:8)
  2 orcs (Bailey)
  3 goblins
  A hobgoblin (Bailey)
11 creatures vanquished.

Vanquished Creatures (others)
  2 knights (D:8)
  3 ancestors (Bailey)
5 creatures vanquished.

Grand Total: 171 creatures vanquished

Notes
Turn   | Place    | Note
-------+----------+-------------------------------------------
     0 | D:1      | Arex the Hill Orc Fighter began the quest for the Orb.
     0 | D:1      | Reached XP level 1. HP: 19/19 MP: 1/1
   152 | D:1      | Reached XP level 2. HP: 27/27 MP: 2/2
   160 | D:1      | Reached skill level 3 in Axes
   656 | D:1      | Reached XP level 3. HP: 29/33 MP: 3/3
  1048 | D:2      | Reached XP level 4. HP: 40/40 MP: 4/4
  1425 | D:2      | Found a faded altar of an unknown god.
  1430 | D:2      | Prayed at the altar of an unknown god.
  1430 | D:2      | Became a worshipper of Vehumet
  1430 | D:2      | Reached * piety under Vehumet
  1430 | D:2      | Offered knowledge of Sandblast by Vehumet.
  1431 | D:2      | Fell from the grace of Vehumet
  1467 | D:3      | Noticed a scorpion
  1478 | D:3      | Killed a scorpion
  1479 | D:3      | Reached skill level 4 in Axes
  1479 | D:3      | Reached XP level 5. HP: 33/47 MP: 5/5
  2206 | D:4      | Reached skill level 5 in Fighting
  2206 | D:4      | Reached XP level 6. HP: 43/56 MP: 6/6
  2334 | D:4      | Reached skill level 5 in Axes
  2366 | D:4      | Found a radiant altar of Vehumet.
  2615 | D:4      | Reached skill level 5 in Shields
  2674 | D:4      | Noticed Duvessa
  2676 | D:4      | Noticed Dowan
  2686 | D:4      | Killed Duvessa
  2687 | D:4      | Reached skill level 5 in Armour
  2687 | D:4      | Reached XP level 7. HP: 33/62 MP: 7/7
  2699 | D:4      | Killed Dowan
  2930 | D:5      | Entered Level 5 of the Dungeon
  3069 | D:5      | Found a snail-covered altar of Cheibriados.
  3380 | D:5      | Found a transporter.
  3381 | D:5      | Found Lyud's Antique Weapon Shoppe.
  3468 | D:5      | Reached skill level 6 in Axes
  3610 | D:5      | Found Megintio's Distillery.
  3616 | D:5      | Bought a potion of curing for 36 gold pieces
  3616 | D:5      | Bought a potion of heal wounds for 60 gold pieces
  3657 | D:5      | Reached XP level 8. HP: 71/71 MP: 8/8
  3823 | D:5      | Found Lohaunat's Jewellery Emporium.
  4409 | D:5      | Found Dazxo's Armour Emporium.
  4418 | D:5      | Found a transporter.
  4436 | D:5      | Found Koptiyh's Distillery.
  4652 | D:6      | Noticed Edmund
  4665 | D:6      | Killed Edmund
  4860 | D:6      | Found a staircase to the Ecumenical Temple.
  4873 | Temple   | Entered the Ecumenical Temple
  4984 | D:6      | Noticed Eustachio
  4998 | D:6      | Killed Eustachio
  4999 | D:6      | Reached skill level 7 in Axes
  5545 | Temple   | Became a worshipper of Hepliaklqana the Forgotten
  5586 | D:7      | Found a bloodstained altar of Trog.
  5616 | D:7      | Was forgiven by Vehumet
  5675 | D:7      | Found a white marble altar of Elyvilon.
  5686 | D:7      | Reached XP level 9. HP: 79/79 MP: 9/9
  5712 | D:7      | Identified the +7 mace of Canapreb {heavy, Fragile Str+5
                  | Stlth+}
  5747 | D:7      | Reached skill level 8 in Axes
  5865 | D:7      | Reached * piety under Hepliaklqana
  6063 | D:7      | Found a flagged portal.
  6088 | Bailey   | Entered a bailey
  6564 | Bailey   | Noticed an orc knight
  6583 | Bailey   | Killed an orc knight
  6667 | Bailey   | Reached skill level 9 in Axes
  6836 | Bailey   | Noticed an orc knight
  6837 | Bailey   | Noticed an orc knight
  7180 | D:7      | Found a shimmering blue altar of Sif Muna.
  7182 | D:7      | Found an opulent altar of Gozag.
  7468 | D:8      | Reached ** piety under Hepliaklqana
  7469 | D:8      | Remembered your ancestor Londisizwe as a knight
  7639 | D:8      | Reached XP level 10. HP: 75/81 MP: 10/10
  7647 | D:8      | Reached skill level 1 in Invocations
  7901 | D:8      | Noticed a cyclops
  7912 | D:8      | Killed a cyclops
  7974 | D:8      | Noticed a deep elf pyromancer
  7983 | D:8      | Killed a deep elf pyromancer
  8110 | D:8      | Noticed a gargoyle
  8117 | D:8      | Killed a gargoyle
  8118 | D:8      | Reached skill level 10 in Axes
  8160 | D:8      | HP: 5/121 [meliai/+0 war axe (7)]
  8161 | D:8      | Killed from afar by a meliai

Illustrated notes

Levels and vault maps discovered:
D:1:      roderic_chinese_lattice_arrival, layout_loops_corners,
          minmay_crystal_room
D:2:      layout_basic, shapermc_ecumenical_altar_hornbeckon
D:3:      layout_rooms
D:4:      layout_rooms, overflow_temple_1_default, uniq_duvessa
D:5:      layout_loops_corners, kennysheep_slug_shrine, serial_shops, shop,
          nicolae_shop_tiny_glass, nicolae_shop_peninsula,
          nicolae_shop_tiny_glass, nicolae_shop_drivethru
D:6:      layout_loops_ring, minmay_temple_entry_large_hall, uniq_eustachio,
          uniq_edmund
D:7:      layout_basic, nicolae_elyvilon_peaceful_grove,
          mainiacjoe_overflow_chevrons, nicolae_overflow_hidden_temple,
          enter_bailey_5
D:8:      layout_basic, minmay_evil_grid
Temple:   eino_narrow_crystal_temple

Skill      XL: |  1  2  3  4  5  6  7  8  9 10 |
---------------+-------------------------------+-----
Axes           | 3 4 5 6 7 9 10 | 10.0
Fighting       | 4 5 6 7 9 |  9.5
Shields        | 4 5 7 8 |  8.8
Armour         | 4 5 6 8 |  8.7
Invocations    | 3 |  3.3

Action                     |  1- 3 |  4- 6 |  7- 9 | 10-12 || total
---------------------------+-------+-------+-------+-------++-------
  Melee: War axe           |    87 |   132 |   317 |    34 ||   570
  Throw: Boomerang         |       |       |     2 |       ||     2
 Invoke: Renounce Religion |       |     1 |       |       ||     1
         Ancestor Life: Kn |       |       |     1 |       ||     1
         Ancestor Identity |       |       |     1 |       ||     1
  Evoke: Wand              |       |     3 |     6 |     6 ||    15
    Use: Scroll            |     3 |     2 |     3 |       ||     8
         Potion            |       |     1 |     2 |     2 ||     5
   Stab: Invisible         |       |     1 |     6 |       ||     7
         Distracted        |       |       |     1 |       ||     1
 Armour: Scale mail        |    57 |    94 |    38 |       ||   189
         Chain mail        |       |       |   227 |    34 ||   261
  Dodge: Dodged            |    50 |    70 |   102 |     7 ||   229
  Block: Buckler           |    14 |    33 |    19 |       ||    66
         Kite shield       |       |       |   118 |    14 ||   132

Table legend: (Time is in decaauts)
 A = Elapsed time spent in this place.
 B = Non-inter-level travel time spent in this place.
 C = Inter-level travel time spent in this place.
 D = Time resting spent in this place.
 E = Time spent auto-exploring this place.
 F = Levels seen in this place.
 G = Mean time per level.
                   A        B        C        D        E       F      G
               +--------+--------+--------+--------+--------+-----+--------+
         Total |   8324 |   8067 |    257 |   1876 |   4605 |  10 |  832.4 |
       Dungeon |   7494 |   7263 |    231 |   1419 |   4588 |   8 |  936.8 |
        Temple |     31 |      5 |     26 |      0 |      0 |   1 |   31.0 |
        Bailey |    798 |    798 |      0 |    457 |     17 |   1 |  798.0 |
               +--------+--------+--------+--------+--------+-----+--------+

Top non-repeatable levels by time:
     D:5: 1684 daAuts
     D:7: 1045 daAuts
     D:1: 1017 daAuts
     D:6: 963 daAuts
  Bailey: 798 daAuts
     D:8: 782 daAuts
     D:3: 770 daAuts
     D:4: 748 daAuts
     D:2: 481 daAuts
  Temple: 31 daAuts
